Dizzy, lawful female dwarven Valkyrie ------- ......` -----.| |...| |.----- |.|...| ------- |...|.| |.....| |...|.| ---`| ---.---.| ----|.| .|.| |...|.|.| |.| ---H|.| ---.|.|.|.| |.| |..h|.| |...|.|...| |.| - -.|.| |.----|.--- |.| |.|.| |.....|.| |.| |.|%| -----|.---.|.|-------- |.| |.|.| |`....|>..|.|.|...|...| |.| |.|.---.---.-----.|.|.|.|.|.---.| |.......|.....%...|...|...|.....| --------------------------------- Dizzy the Fighter Experience level: 8 Strength: 18 Dexterity: 15 Constitution: 17 Intelligence: 7 Wisdom: 12 Charisma: 8 Health: 0(75) Energy: 15(15) Def: 13 Gold: 764 Moves: 5883 Dungeon seed: eKSTuCjrnBw0AwL5 Game ID: Dizzy_1593530046 Your Inventory: Coins $ - 764 gold pieces Weapons a - the blessed rustproof +1 Excalibur (weapon in hand) d - a blessed +0 dagger o - 2 +0 elven daggers (in quiver) A - a +1 orcish dagger Z - a +3 orcish dagger Armor n - an uncursed +0 leather armor (being worn) u - an uncursed +0 orcish helm (being worn) y - an uncursed +0 dwarvish cloak (being worn) E - an uncursed +3 small shield (being worn) N - an uncursed +0 pair of iron shoes (being worn) Wands v - a wand of lightning (0:4) w - a wand of digging (0:5) L - a wand of striking (0:7) P - a wand of create monster (0:14) V - a wand of teleportation (0:5) Tools e - a +0 pick-axe (alternate weapon; not wielded) l - an uncursed wooden harp F - an uncursed bag of holding G - an uncursed oil lamp (lit) (0:1051) Contents of the bag of holding: 988 gold pieces a +0 dagger a +0 dagger an uncursed apple an uncursed candy bar 3 uncursed cloves of garlic 3 uncursed eggs 9 uncursed food rations 6 uncursed fortune cookies an uncursed lembas wafer an uncursed lichen corpse an uncursed slime mold 2 uncursed tripe rations an uncursed scroll of destroy armor an uncursed scroll of earth a cursed scroll of earth an uncursed scroll of gold detection 2 uncursed scrolls of identify 2 uncursed scrolls of light an uncursed scroll of magic mapping a cursed scroll of remove curse an uncursed potion of healing an uncursed potion of object detection a blessed potion of oil an uncursed potion of oil an uncursed potion of paralysis an uncursed ring of levitation an uncursed ring of poison resistance an uncursed ring of regeneration an uncursed ring of shock resistance 3 uncursed worthless pieces of white glass 2 uncursed worthless pieces of yellow glass an uncursed worthless piece of yellowish brown glass Spells and supernatural/magical abilities: Name Level Category Fail Memory W - pray for help -- divine ? -- Your skills at the end: Fighting Skills Weapon Skills dagger [Basic] long sword [Expert] Spellcasting Skills Final Attributes: You were piously aligned. You were cold resistant. You were poison resistant. You were level-drain resistant. You were telepathic. You had automatic searching. You had infravision. You were stealthy. You were protected. You were fast. You are dead. Vanquished creatures: an ettin 2 giant mimics a large mimic a leprechaun a gold golem a housecat a blue jelly a gnome mummy 2 soldier ants a water nymph 2 Mordor orcs a rock mole a pony a gnome lord 3 kobold mummies a black naga hatchling a guardian naga hatchling 2 gray oozes 3 elf zombies 2 straw golems a baby crocodile 2 giant ants a floating eye a kitten 3 dwarves 2 homunculi a kobold shaman 3 hill orcs 3 rothes 2 rabid rats a centipede 2 giant bats 6 monkeys 2 killer bees 3 acid blobs a coyote 2 gas spores 2 hobbits 4 hobgoblins 5 giant rats a brown mold a yellow mold 3 garter snakes a gnome zombie a gecko 6 jackals 5 foxes 5 kobolds 6 goblins 12 sewer rats 7 grid bugs 5 bats 10 lichens 4 kobold zombies 6 newts 149 creatures vanquished. Voluntary challenges: You used a wielded weapon 218 times, starting on turn 72. You read items or engraved 1 time, starting on turn 5646. You never genocided any monsters. You never polymorphed an object. You never changed form. You used no wishes. You never split a pudding. You never wrote Elbereth's name. You violated your moral code, losing 59 points of alignment, starting on turn 1785. Dungeon overview: The Dungeons of Doom: levels 1 to 26 Level 1 a fountain a long staircase Level 2 a fountain Level 3 stairs to The Gnomish Mines Level 4 Level 5 Level 6 stairs to Sokoban Level 7 a general store, a sink Level 8 a sink, a throne Level 9 Level 10 Level 11 Level 12 a magic portal Level 13 Level 14 Level 15 Level 16 Level 17 Level 18 a fountain Level 19 Level 20 Level 21 Level 22 Level 23 a temple to Loki Level 24 Level 25 <- You were here Level 26 The Gnomish Mines: levels 4 to 6 Level 4 stairs to The Dungeons of Doom Level 5 Level 6 some shops, a temple to Loki, some fountains, a sink Sokoban: levels 2 to 5 Level 2 Level 3 Level 4 Level 5 stairs to The Dungeons of Doom History has recorded: On T:1 you entered the Dungeons of Doom to retrieve the Amulet of Yendor! On T:187 you reached level 2 of The Dungeons of Doom. On T:324 you advanced to experience level 2. On T:378 you reached level 3 of The Dungeons of Doom. On T:576 you reached level 1 of The Gnomish Mines. On T:724 you reached level 2 of The Gnomish Mines. On T:794 you advanced to experience level 3. On T:860 you reached level 3 of The Gnomish Mines. On T:1081 you advanced to experience level 4. On T:1408 you advanced to experience level 5. On T:1950 you reached level 4 of The Dungeons of Doom. On T:2068 you reached level 5 of The Dungeons of Doom. On T:2120 you reached level 6 of The Dungeons of Doom. On T:2242 you reached level 7 of The Dungeons of Doom. On T:2374 you reached level 4 of Sokoban. On T:2639 you advanced to experience level 6. On T:2756 you reached level 3 of Sokoban. On T:3334 you reached level 2 of Sokoban. On T:3802 you reached level 1 of Sokoban. On T:4142 you advanced to experience level 7. On T:5342 you reached level 8 of The Dungeons of Doom. On T:5670 you reached level 9 of The Dungeons of Doom. On T:5679 you reached level 10 of The Dungeons of Doom. On T:5686 you reached level 11 of The Dungeons of Doom. On T:5689 you reached level 12 of The Dungeons of Doom. On T:5696 you reached level 13 of The Dungeons of Doom. On T:5704 you reached level 14 of The Dungeons of Doom. On T:5710 you reached level 15 of The Dungeons of Doom. On T:5713 you reached level 16 of The Dungeons of Doom. On T:5716 you reached level 17 of The Dungeons of Doom. On T:5720 you reached level 18 of The Dungeons of Doom. On T:5726 you reached level 19 of The Dungeons of Doom. On T:5740 you reached level 20 of The Dungeons of Doom. On T:5743 you reached level 21 of The Dungeons of Doom. On T:5745 you reached level 22 of The Dungeons of Doom. On T:5749 you reached level 23 of The Dungeons of Doom. On T:5777 you reached level 24 of The Dungeons of Doom. On T:5790 you reached level 25 of The Dungeons of Doom. On T:5839 you reached level 26 of The Dungeons of Doom. On T:5860 you advanced to experience level 8. Score breakdown: Gold: 1752 (11034 points) Experience: 8 levels (14739 points) Exploration: 26 levels ( 53.06%) (21650 points) Discoveries: 18 items ( 7.32%) ( 8115 points) Valuables value: (no points given unless you survive) Artifact value: 4000 (12253 points) Variety of kills: 55 monsters ( 14.44%) (11398 points) Turncount: 5883 turns (-1594 points) Survival: died (score multiplied by 80%) Total score: 62076 Latest messages: You are now wielding your pick-axe. a - the blessed rustproof +1 Excalibur (alternate weapon; not wielded). You start digging. You hit the rock with all your might. You are beginning to feel hungry. You stop digging. J - an uncursed lichen corpse. This lichen corpse tastes terrible! You finish eating the lichen corpse. You continue digging. You make an opening in the wall. You are now wielding your Excalibur. e - an uncursed pick-axe (alternate weapon; not wielded). You hit the minotaur! The minotaur hits! (2x) The minotaur butts! You die... Final status: Farvel Dizzy the Valkyrie, killed by a minotaur... You died in The Dungeons of Doom on dungeon level 25 with 62076 points, and 1752 pieces of gold, after 5883 moves. You were level 8 with a maximum of 75 hit points when you died.